 Dungeon Crawl Stone Soup version 0.24.0-13-gcf9b319 (webtiles) character file.

Game seed: 10077308538017739251, levelgen mode: deterministic

65 Bronimir the Chiller (level 4, -10/32 HPs)
             Began as a Merfolk Ice Elementalist on Apr 18, 2020.
             Mangled by an ogre
             ... wielding a +0 giant club
              (20 damage)
             ... on level 2 of the Dungeon.
             The game lasted 00:03:21 (1726 turns).

Bronimir the Chiller (Merfolk Ice Elementalist)     Turns: 1726, Time: 00:03:22

Health: -10/32     AC:  2    Str:  8    XL:     4   Next: 13%
Magic:  7/7        EV: 14    Int: 15    God:
Gold:   64         SH:  0    Dex: 16    Spells: 1/7 levels left

rFire    . . .     SeeInvis .   a - +0 spear
rCold    . . .     Gourm    .   (no shield)
rNeg     . . .     Faith    .   j - +0 robe
rPois    .         Spirit   .   (no helmet)
rElec    .         Reflect  .   (no cloak)
rCorr    .         Harm     .   (no gloves)
MR       .....                  (no boots)
Stlth    +.........             (no amulet)
HPRegen  0.10/turn              q - +2 ring of dexterity
MPRegen  0.10/turn              (no ring)

@: confused
A: change form in water, swift swim, stealthy swim
a: no special abilities


You were on level 2 of the Dungeon.
You were not hungry.

You visited 1 branch of the dungeon, and saw 2 of its levels.

You collected 64 gold pieces.

Inventory:

Hand Weapons
 a - a +0 spear (weapon)
 b - a +0 hunting sling
 d - a +0 dagger
 r - a +0 war axe
 t - a +2 short sword of venom
Missiles
 k - 16 poisoned darts (quivered)
 l - 16 stones
 m - 40 sling bullets
Armour
 f - a +0 ring mail
 j - a +0 robe (worn)
 s - a +0 large shield
Jewellery
 q - a +2 ring of dexterity (left hand)
Scrolls
 g - 2 scrolls of identify {unknown}
 h - a scroll of remove curse {unknown}
 i - a scroll of random uselessness {unknown}
 n - a scroll of enchant weapon {unknown}
 o - a scroll of fear {unknown}
Potions
 e - a potion of ambrosia
 p - a potion of flight {unknown}
Comestibles
 c - 4 rations


   Skills:
 * Level 1.3 Fighting
 * Level 3.6 Dodging
 - Level 2.1 Stealth
 * Level 0.7 Shields
 * Level 2.4 Spellcasting
 - Level 0.7 Conjurations
 * Level 4.0 Ice Magic


You had one spell level left.
You knew the following spells:

 Your Spells              Type           Power        Failure   Level  Hunger
a - Freeze                Ice            ##..         4%          1    #......
b - Throw Frost           Conj/Ice       #.....       12%         2    ###....
c - Ozocubu's Armour      Chrm/Ice       #.......     28%         3    ###....

Your spell library contained the following spells:

 Spells                   Type           Power        Failure   Level  Hunger
 Throw Icicle             Conj/Ice       #.......     61%         4    #####..
 Summon Ice Beast         Ice/Summ       #.......     67%         4    #####..


Dungeon Overview and Level Annotations

Branches:
Dungeon (2/15)

Altars:


Message History

Found a scroll labeled SOISCH RAUSYAKU and a runed leather armour.
An ogre is nearby!
You hit the ogre.
The ogre is lightly wounded.
The ogre barely misses you.
Casting: Freeze (safe; 4% risk of failure)
Confirm with . or Enter, or press ? or * to list all spells.
A film of ice covers your body!
The ogre hits you with a +0 giant club!!
Ouch! That really hurt!
* * * LOW HITPOINT WARNING * * *
Your icy armour cracks and falls away as you move.
You see here a ring mail.
There is a stone staircase leading up here.
It was a potion of ambrosia.
You are confused.
You feel invigorated.
The ogre hits you with a +0 giant club!!
Ouch! That really hurt!
You die...

#.#### #....# ####.##.#########
#...............#
####+####..#######.#
#..................#
#.....###..#######.#
#.....###..#######.#####
#.........>..O@........########
#......###.###########.##......
#......# #..# #.....#.##......
#......###..# #.....#.##......
#......##<..# #.....#..#......
#......###..####.....##.#......
######.# #.....+.....'.........
#.# ##.####..)..##........ ..#
#[# #.....###.......


You could see an ogre.

Vanquished Creatures
  3 adders (D:2)
  A dart slug (D:1)
  2 leopard geckos (D:1)
  2 ball pythons (D:1)
  A giant cockroach (D:1)
  4 goblins
  4 hobgoblins
  4 bats (D:1)
  3 frilled lizards
  4 kobolds (D:1)
  6 rats
34 creatures vanquished.

Notes
Turn   | Place    | Note
-------+----------+-------------------------------------------
     0 | D:1      | Bronimir the Merfolk Ice Elementalist began the quest for
                  | the Orb.
     0 | D:1      | Reached XP level 1. HP: 13/13 MP: 3/3
   468 | D:1      | Reached XP level 2. HP: 18/19 MP: 0/5
   624 | D:1      | Learned a level 2 spell: Throw Frost
  1001 | D:1      | Reached XP level 3. HP: 25/25 MP: 6/6
  1204 | D:2      | Reached skill level 4 in Ice Magic
  1383 | D:2      | Learned a level 3 spell: Ozocubu's Armour
  1393 | D:2      | Reached skill level 1 in Fighting
  1404 | D:2      | Reached XP level 4. HP: 22/32 MP: 5/7
  1707 | D:2      | Noticed an ogre
  1726 | D:2      | Mangled by an ogre

Levels and vault maps discovered:
D:1:      doesnt_arrival_eight_statues, layout_basic, minmay_box_of_dots
D:2:      layout_basic, first_ration, dk_noncrumbling_3

Skill      XL: |  1  2  3 |
---------------+----------+-----
Dodging        | 3 |  3.6
Ice Magic      | 4 |  4.0
Fighting       | 1 |  1.3
Stealth        | |  2.1
Shields        | |  0.7
Spellcasting   | |  2.4
Conjurations   | |  0.7

Action                   |  1- 3 |  4- 6 || total
-------------------------+-------+-------++-------
Melee: Unarmed           |     4 |       ||     4
       Dagger            |    16 |       ||    16
       Short sword       |    19 |     1 ||    20
       Spear             |       |     1 ||     1
 Fire: Hunting sling     |     8 |       ||     8
 Cast: Freeze            |    30 |     1 ||    31
       Throw Frost       |     2 |       ||     2
       Ozocubu's Armour  |       |     1 ||     1
  Use: Potion            |       |     1 ||     1
 Stab: Sleeping          |     1 |     1 ||     2
  Eat: Chunk             |     2 |     1 ||     3
Armor: Robe              |    12 |       ||    12
Dodge: Dodged            |    68 |     1 ||    69
